 Dungeon Crawl Stone Soup version 0.28.0-45-g0d030f2227 (webtiles) character file.

Game seed: 16358220799120085287

262125 suse60 the Tortoise (level 19, -42/215 HPs)
             Began as a Deep Dwarf Fighter on May 10, 2022.
             Was the Champion of Makhleb.
             Annihilated by a juggernaut (46 damage)
             ... while paralysed by a floating eye
             ... on level 3 of the Depths on May 31, 2022.
             The game lasted 06:34:54 (30907 turns).

suse60 the Tortoise (Deep Dwarf Fighter)           Turns: 30907, Time: 06:34:56

Health: -42/215    AC: 44    Str: 37    XL:     19   Next: 60%
Magic:  27/27      EV:  2    Int: 10    God:    Makhleb [******]
Gold:   1000       SH:  0    Dex: 22    Spells: 18/18 levels left

rFire   + + +      SeeInvis .   u - +14 lance "Wyrmbane" {slay drac, rPois rF+ rC+ AC+3}
rCold   . . .      Faith    .   E - +2 kite shield {reflect}
rNeg    + . .      Spirit   .   D - +8 orange crystal plate armour {Archmagi, Int+3 Clar}
rPois   +          Reflect  +   k - +1 helmet
rElec   .          Harm     .   z - +0 cloak "Jof Viev" {rF+++ rCorr Int-5 Stlth+}
rCorr   +          Rampage  +   A - +2 pair of gloves
Will    ++...      Archmagi +   a - +2 pair of boots {Stlth+}
Stlth   .......... Clarity  +   y - amulet "Ageus" {Acrobat -Cast Rampage rC- Str+8}
HPRegen 0.00/turn  NoCast   +   l - +6 ring of strength
MPRegen 0.20/turn               M - +6 ring of dexterity

@: paralysed, silenced, flayed, studying Maces & Flails
A: damage resistance, heal wounds, negative energy resistance 1, sense
surroundings 3, no regeneration, large bone plates 1, clever 1, deformed body,
robust 1, subdued magic 1
}: 1/15 runes: serpentine
a: Heal Wounds, Renounce Religion


You were on level 3 of the Depths.
You worshipped Makhleb.
Makhleb was exalted by your worship.
You visited 8 branches of the dungeon, and saw 33 of its levels.
You also visited: Sewer, Ossuary and Bailey.

You collected 4003 gold pieces.
You spent 3003 gold pieces at shops.

Inventory:

Hand Weapons
 u - the +14 lance "Wyrmbane" (weapon) {slay drac, rPois rF+ rC+ AC+3}
   (You found it on level 4 of the Dungeon)

   It inflicts extra damage against dragons and draconians.
   AC:        It affects your AC (+3).
   rF:        It protects you from fire.
   rC:        It protects you from cold.
   rPois:     It protects you from poison.
Armour
 a - a +2 pair of boots of stealth (worn)
 d - a +1 pair of boots of flying
 k - a +1 helmet (worn)
 z - the +0 cloak "Jof Viev" (worn) {rF+++ rCorr Int-5 Stlth+}
   (You found it on level 1 of the Snake Pit)

   Int:       It affects your intelligence (-5).
   rF:        It renders you almost immune to fire.
   rCorr:     It protects you from acid and corrosion.
   Stlth:     It makes you more stealthy.
 A - a +2 pair of gloves (worn)
 D - the +8 orange crystal plate armour (worn) {Archmagi, Int+3 Clar}
   (You acquired it on level 5 of the Dungeon)

   Int:       It affects your intelligence (+3).
   Clar:      It protects you against confusion.
 E - a +2 kite shield of reflection (worn)
Jewellery
 l - a +6 ring of strength (left hand)
 y - the amulet "Ageus" (around neck) {Acrobat -Cast Rampage rC- Str+8}
   (You bought it in a shop on level 2 of the Dungeon)

   [amulet of the acrobat]

   It increases your evasion while moving and waiting.
   Str:       It affects your strength (+8).
   rC:        It makes you vulnerable to cold.
   -Cast:     It prevents spellcasting.
   Rampage:   It bestows one free step when moving towards enemies.
 H - a ring of see invisible
 M - a +6 ring of dexterity (right hand)
Wands
 o - a wand of digging (6)
 w - a wand of charming (2)
 I - a wand of paralysis (5)
 J - a wand of iceblast (4)
 N - a wand of acid (1)
 P - a wand of mindburst (10)
Scrolls
 j - 7 scrolls of fog
 n - a scroll of holy word
 q - 2 scrolls of fear
 K - 3 scrolls of magic mapping
Potions
 e - 6 potions of cancellation
 g - 3 potions of flight
 h - 12 potions of curing
 m - 3 potions of invisibility
 B - 2 potions of resistance
Miscellaneous
 L - a lightning rod (4/4)


   Skills:
 * Level 18.4 Fighting
 - Level 4.7(10.2) Axes
 - Level 11.8(12.0) Polearms
 + Level 20.9 Armour
 + Level 18.6 Dodging
 - Level 7.2 Shields
 - Level 11.1 Invocations


You had 18 spell levels left.
You didn't know any spells.
Your spell library contained the following spells:

 Spells                   Type           Power      Damage    Failure   Level
 Animate Skeleton         Necr           0%         N/A       99%         1
 Pain                     Necr           0%         1d4       99%         1
 Sandblast                Erth           0%         2d4       99%         1
 Shock                    Conj/Air       0%         1d3       99%         1
 Sting                    Tmut/Pois      0%         1d3       99%         1
 Summon Small Mammal      Summ           0%         N/A       99%         1
 Ensorcelled Hibernation  Hex/Ice        0%         N/A       100%        2
 Passwall                 Tmut/Erth      0%         N/A       100%        2
 Poisonous Vapours        Pois/Air       0%         N/A       100%        2
 Call Canine Familiar     Summ           0%         N/A       100%        3
 Dazzling Flash           Conj/Hex       0%         N/A       100%        3
 Frozen Ramparts          Ice            0%         1d2       100%        3
 Mephitic Cloud           Conj/Pois/Air  0%         N/A       100%        3
 Spider Form              Tmut/Pois      0%         N/A       100%        3
 Stone Arrow              Conj/Erth      0%         3d7       100%        3
 Summon Guardian Golem    Hex/Summ       0%         N/A       100%        3
 Swiftness                Air            0%         N/A       100%        3
 Vampiric Draining        Necr           0%         2d6       100%        3
 Anguish                  Hex/Necr       0%         N/A       100%        4
 Animate Armour           Summ/Erth      0%         N/A       100%        4
 Animate Dead             Necr           0%         N/A       100%        4
 Ice Form                 Ice/Tmut       0%         N/A       100%        4
 Iskenderun's Mystic Bla  Conj/Tloc      0%         2d3       100%        4
 Olgreb's Toxic Radiance  Pois           0%         N/A       100%        4
 Summon Ice Beast         Ice/Summ       0%         N/A       100%        4
 Blade Hands              Tmut           0%         N/A       100%        5
 Borgnjor's Vile Clutch   Necr/Erth      0%         N/A       100%        5
 Death Channel            Necr           0%         N/A       100%        6
 Eringya's Noxious Bog    Tmut/Pois      0%         N/A       100%        6
 Iron Shot                Conj/Erth      0%         9d1       100%        6
 Starburst                Conj/Fire      0%         6d3       100%        6
 Statue Form              Tmut/Erth      0%         N/A       100%        6
 Storm Form               Tmut/Air       0%         N/A       100%        7
 Lehudib's Crystal Spear  Conj/Erth      0%         10d2      100%        8
 Chain Lightning          Conj/Air       0%         N/A       100%        9


Dungeon Overview and Level Annotations

Branches:
Dungeon (15/15)            Temple (1/1) D:5            Lair (6/6) D:11
 Shoals (1/4) Lair:2        Snake (4/4) Lair:3        Slime (1/5) Lair:6
    Orc (2/2) D:11            Elf (0/3) Orc:2        Vaults (0/5) D:13
 Depths (3/4) D:15          Sewer (visited)         Ossuary (visited)
 Bailey (visited)

Altars:
Ashenzari
Cheibriados
Hepliaklqana
Makhleb
Okawaru
Trog
Vehumet
Yredelemnul
Zin
The Shining One
Beogh

Shops:
D:2 =   D:6 [   Orc:1 (   Orc:2 ***(:   Snake:1 :   Snake:4 *   Depths:1 ?!*

Portals:
Hell: Depths:1 Depths:2
Abyss: Snake:1 Depths:2
Pandemonium: Depths:2
Ziggurat: Depths:1

Annotations:
D:3 1 runed translucent door, Crazy Yiuf
Depths:1 the Enchantress


Innate Abilities, Weirdness & Mutations

You are resistant to damage.
You can heal yourself by infusing magical energy.
You resist negative energy. (rN+)
You passively map a large area around you.
You do not regenerate.
You are partially covered in large bone plates. (SH +4)
Your mind is acute. (Int +2)
Armour fits poorly on your strangely shaped body.
You are robust. (+10% HP)
Your spells are a little easier to cast, but a little less powerful.


Message History

The vampire knight casts a spell.
The vampire knight seems to speed up.
The shadow strikes at you from the darkness!
* * * LOW HITPOINT WARNING * * *
Reactivating autopickup.
The flayed ghost stares at you with tortured malice.
Terrible wounds spread across more of your body!
* * * LOW HITPOINT WARNING * * *
The floating eye gazes piercingly through you!
You suddenly lose the ability to move!
The deep troll shaman calls upon its god to speed up something.
The vampire knight hits you but does no damage.
The vampire knight bites you!
* * * LOW HITPOINT WARNING * * *
The vampire knight draws strength from your injuries!
The floating eye's view fixates on you.
The flayed ghost stares at you with tortured malice.
Terrible wounds spread across more of your body!
* * * LOW HITPOINT WARNING * * *
The shadow hits you. The phantasmal warrior hits you!
* * * LOW HITPOINT WARNING * * *
The spriggan berserker is no longer berserk.
The vampire knight hits you but does no damage.
The vampire knight bites you.
The floating eye gazes piercingly through you!
You shrug off the repeated paralysis!
The spriggan berserker prays to Trog.
The death yak goes berserk!
The vampire knight hits you with a +3 long sword!!
* * * LOW HITPOINT WARNING * * *
The vampire knight bites you but does no damage.
A deep troll comes into view.
The phantasmal warrior hits you but does no damage.
The floating eye's view fixates on you.
The vampire knight hits you with a +3 long sword!
* * * LOW HITPOINT WARNING * * *
The vampire knight bites you but does no damage.
The spriggan berserker prays to Trog.
The elephant goes berserk!
The juggernaut hits you!!!
You die...

* , , ,, *, * *,
*,.. .. , , , , *
.#. , * ,, ,* , *
... * * * , ,
,... ,, , , * *
*, ,#.#, *, , ,*
, , , #.# * , ,,
* * # ###.##### *
* * , ,
#.♣.V@T...# , , ,
.# *
#..WCCiW..#,# , ,
, .#
#......WDY#.#, ,
, .# , ,
#....♣GWZ♣#. , ,
.. ,
.....D♣⌠QCiT...,
, .#
...#.♣..♣..Y.#.#*
, .# ...#
#...C♣CD♣.# # .#
#...#
#...♣.D..♣#, * ,
, .# ...# #..
♣T....#,


You could see a juggernaut, a shadow dragon, an iron dragon (soul bound), 2
storm dragons, a frost giant, a fire giant (soul bound), a tengu reaver, a death
yak (summoned, berserk), a vampire knight (fast), an elephant (summoned,
berserk), a spriggan defender (soul bound), an ettin, a flayed ghost, a deep
troll (fast), a spriggan berserker (soul bound, regenerating, strong-willed,
slow), a phantasmal warrior (summoned), a deep troll shaman, a freezing wraith
(summoned), a shadow (summoned), a floating eye (charged) and an ice dragon
simulacrum.

Vanquished Creatures
  4 caustic shrikes
  Rupert (D:12)
  A lich (Depths:2)
  A quicksilver dragon (Depths:3)
  Kirke (Lair:5)
  2 sphinxes (Depths:2)
  A tengu reaver (Depths:2)
  Roxanne (Snake:2)
  4 nagarajas
  2 fire giants
  A frost giant (Depths:2)
  A cacodemon (Snake:1)
  Louise (Snake:3)
  3 spriggan defenders
  9 stone giants
  10 very ugly things
  The ghost of Qaehos the Severer, a journeyman MiBe of Trog (Lair:5)
  2 vampire knights (Depths:2)
  A minotaur (Lair:1)
  A spark wasp (Depths:2)
  3 fire dragons
  3 great orbs of eyes
  2 rakshasas (Depths:2)
  4 boulder beetles
  Fannar (Orc:1)
  The ghost of PanSaczeczos the Thaumaturge, a journeyman DgCj (Lair:1)
  3 ice dragons
  A vault guard (D:13)
  5 hydras
  21 naga warriors
  Erolcha (D:12)
  10 anacondas
  A salamander tyrant (Snake:3)
  3 ogre magi
  2 spriggan air magi (Depths:1)
  3 centaur warriors
  A merfolk aquamancer (Shoals:1)
  12 two-headed ogres
  2 death knights
  A deep troll earth mage (Depths:1)
  6 tengu warriors (Depths:2)
  15 naga sharpshooters
  4 large abominations (Depths:2)
  A death yak (Lair:6)
  4 spriggans
  A spriggan berserker (Depths:2)
  5 shock serpents
  2 iron trolls (Depths:1)
  A titan skeleton (Depths:2)
  A deep elf knight (D:12)
  A skeletal warrior (D:14)
  4 salamander mystics
  A fire crab (Lair:5)
  5 naga ritualists
  A sea snake (Shoals:1)
  A golden dragon zombie (Depths:2)
  2 glowing orange brains (Depths:2)
  A flayed ghost (Depths:2)
  3 deep trolls (Depths:1)
  A lindwurm (Lair:6)
  A deep elf archer (D:12)
  Pikel (D:7)
  A wizard (Snake:1)
  2 phantasmal warriors (Depths:2)
  An orc knight (Bailey)
  3 orc sorcerers
  A wolf spider (D:12)
  11 mana vipers
  A deep elf pyromancer (D:14)
  2 necromancers (Depths:2)
  An oklob plant (Lair:5)
  19 ugly things
  A merfolk siren (Shoals:1)
  A sphinx skeleton (Depths:2)
  5 cyclopes
  14 salamanders
  A moth of wrath (shapeshifter) (D:13)
  A faun (shapeshifter) (D:15)
  A manticore (D:12)
  8 elephants
  37 black mambas
  7 guardian serpents
  21 naga magi
  Maurice (Orc:1)
  A water nymph (Shoals:1)
  2 gargoyles
  12 cane toads
  3 molten gargoyles (Lair:6)
  16 rime drakes
  4 torpor snails
  2 unseen horrors
  14 komodo dragons
  4 efreet
  4 tengu conjurers
  4 freezing wraiths
  2 meliai (Lair:5)
  5 trolls
  2 polar bears
  5 yaktaurs (D:11)
  A merfolk (Shoals:1)
  4 hornets
  6 slime creatures
  17 blink frogs
  Grinder (D:3)
  3 snapping turtles (Shoals:1)
  A culicivora (shapeshifter) (D:14)
  2 centaur simulacra (D:15)
  39 yaks
  3 water elementals
  A shadow (D:10)
  3 wraiths
  2 vampires (D:10)
  5 wyverns
  5 basilisks
  11 vampire mosquitoes
  12 steam dragons
  3 chaos spawn (Depths:2)
  Edmund (D:4)
  8 small abominations (Depths:2)
  30 nagas
  5 wargs
  3 acid dragons
  Duvessa (D:5)
  6 hell hounds
  17 water moccasins
  2 floating eyes (Depths:2)
  A spriggan simulacrum (Depths:2)
  An ice beast (D:7)
  2 black bears
  A necrophage (D:5)
  39 orc warriors
  A sky beast (D:6)
  15 ogres
  23 wolves
  17 centaurs
  3 lemures (D:7)
  3 phantoms
  3 kobold brigands
  8 bullfrogs
  2 gnoll sergeants
  A glowing shapeshifter simulacrum (Depths:2)
  3 scorpions
  A wyvern skeleton (D:7)
  A water moccasin skeleton (D:4)
  Dowan (D:5)
  8 killer bees
  8 wights (D:8)
  A howler monkey (D:12)
  5 lava snakes (Lair:6)
  5 centaur zombies
  A bullfrog zombie (D:6)
  5 jellies
  5 hounds
  3 bullfrog skeletons
  14 orc priests
  Ijyb (D:4)
  Natasha (thrice) (D:3)
  4 iguanas
  21 orc wizards
  A killer bee zombie (D:9)
  8 mummies (Ossuary)
  Robin (D:4)
  9 adders
  11 gnolls
  6 worms
  3 dart slugs
  86 orcs
  8 bats
  7 endoplasms
  4 giant cockroaches
  18 goblins
  8 hobgoblins
  3 jackals (D:1)
  3 quokkas
  12 ball pythons
  3 frilled lizards
  2 gnoll zombies (Ossuary)
  2 hobgoblin zombies (Ossuary)
  24 kobolds
  A kobold zombie (Ossuary)
  3 orc zombies (Ossuary)
  9 rats
  A butterfly (Lair:4)
1045 creatures vanquished.

Vanquished Creatures (collateral kills)
  A profane servitor (Snake:1)
  The ghost of shugdite the Fencer, a journeyman MiFi of Okawaru (Snake:1)
  A cacodemon (Snake:1)
  A spriggan defender (Depths:1)
  Nessos (D:15)
  A hydra (D:11)
  A hell hog (Snake:1)
  A deep troll earth mage (Depths:2)
  A spriggan (Depths:2)
  A rime drake (Lair:1)
  A komodo dragon (Lair:2)
  A queen bee (Lair:5)
  A hornet (Depths:2)
  A raiju (Snake:1)
  A hog (Lair:5)
  4 orc warriors (Bailey)
  A wolf (Lair:2)
  A bullfrog (Lair:2)
  A killer bee (Lair:5)
  An orc priest (Orc:1)
  4 orcs
  A kobold (Sewer)
  A lurking horror (Snake:1)
29 creatures vanquished.

Vanquished Creatures (others)
  2 naga warriors (Snake:4)
  A black mamba (Snake:3)
  3 humans (Lair:6)
  A basilisk (Lair:6)
  An orc (Orc:1)
  A kobold (Sewer)
  A bush (Lair:6)
  34 fungi
  50 plants
94 creatures vanquished.

Grand Total: 1168 creatures vanquished

Notes
Turn   | Place    | Note
-------+----------+-------------------------------------------
     0 | D:1      | suse60 the Deep Dwarf Fighter began the quest for the Orb.
     0 | D:1      | Reached XP level 1. HP: 20/20 MP: 1/1
   357 | D:1      | Reached XP level 2. HP: 25/27 MP: 2/2
   506 | D:1      | Gained mutation: Your system is resistant to poisons.
                  | (rPois) [potion of mutation]
   585 | D:1      | Found a faded altar of an unknown god.
   896 | D:2      | Reached XP level 3. HP: 5/34 MP: 3/3
  1041 | D:2      | Reached XP level 4. HP: 38/42 MP: 4/4
  1068 | D:2      | Reached skill level 4 in Armour
  1399 | D:2      | Found Ocsyfy Juig's Jewellery Shoppe.
  1753 | D:3      | Noticed Grinder
  1854 | D:3      | Killed Grinder
  1855 | D:3      | Reached XP level 5. HP: 23/50 MP: 5/5
  1855 | D:3      | Reached XP level 6. HP: 27/57 MP: 6/6
  1937 | D:3      | Found a broken altar of Ashenzari.
  2001 | D:3      | Noticed Natasha
  2007 | D:3      | Killed Natasha
  2313 | D:3      | Found a runed translucent door.
  2314 | D:3      | Noticed Crazy Yiuf
  2456 | D:3      | Noticed Natasha
  2474 | D:3      | Killed Natasha
  2513 | D:4      | Reached skill level 5 in Armour
  2513 | D:4      | Reached skill level 5 in Shields
  2644 | D:4      | Noticed Edmund
  2661 | D:4      | Killed Edmund
  2662 | D:4      | Reached XP level 7. HP: 12/64 MP: 7/7
  2697 | D:4      | Noticed Robin
  2728 | D:4      | Killed Robin
  2792 | D:4      | Found the +8 lance "Wyrmbane" {slay drac, rPois rF+ rC+
                  | AC+3}
  2807 | D:4      | Noticed Ijyb
  2819 | D:4      | Killed Ijyb
  3067 | D:4      | Reached skill level 1 in Polearms
  3293 | D:5      | Entered Level 5 of the Dungeon
  3436 | D:5      | Found a glowing drain.
  3440 | Sewer    | Entered a sewer
  3566 | Sewer    | Reached skill level 5 in Fighting
  3566 | Sewer    | Reached skill level 6 in Armour
  3812 | D:5      | Reached XP level 8. HP: 40/74 MP: 8/8
  3825 | D:5      | Identified a scroll of acquirement
  3825 | D:5      | Acquired the +8 orange crystal plate armour {Archmagi,
                  | Int+3 Clar}
  3825 | D:5      | Found the +8 orange crystal plate armour {Archmagi, Int+3
                  | Clar}
  3851 | D:5      | Noticed Dowan
  3855 | D:5      | Noticed Duvessa
  3858 | D:5      | Killed Dowan
  3884 | D:5      | Killed Duvessa
  4267 | D:5      | Found a staircase to the Ecumenical Temple.
  4281 | Temple   | Entered the Ecumenical Temple
  4324 | Temple   | Became a worshipper of Makhleb the Destroyer
  4742 | D:5      | Noticed a moth of wrath
  4745 | D:5      | Found a bloodstained altar of Trog.
  4819 | D:6      | Reached skill level 7 in Armour
  4819 | D:6      | Reached skill level 1 in Dodging
  4831 | D:6      | Found a sand-covered staircase.
  4851 | Ossuary  | Entered an ossuary
  5160 | D:6      | Gained mutation: You passively map the area around you.
                  | [Deep Dwarf growth]
  5160 | D:6      | Reached XP level 9. HP: 45/82 MP: 9/9
  5211 | D:6      | Reached * piety under Makhleb
  5365 | D:6      | Got the Volume of Weightlessness
  5471 | D:6      | Found Moapui's Armour Boutique.
  5676 | D:7      | Found a hazy altar of Hepliaklqana.
  5722 | D:7      | Found a flagged portal.
  5733 | Bailey   | Entered a bailey
  5852 | Bailey   | Reached skill level 9 in Armour
  5852 | Bailey   | Reached XP level 10. HP: 72/96 MP: 10/10
  5853 | Bailey   | Lost mutation: Your system is resistant to poisons. (rPois)
                  | [potion of mutation]
  5853 | Bailey   | Gained mutation: You have sharp toenails. [potion of
                  | mutation]
  5853 | Bailey   | Gained mutation: You are partially covered in iridescent
                  | scales. (AC +2) [potion of mutation]
  5856 | Bailey   | Noticed an orc knight
  5964 | Bailey   | Killed an orc knight
  5964 | Bailey   | Reached ** piety under Makhleb
  6042 | D:7      | Noticed Pikel
  6077 | D:7      | Killed Pikel
  6119 | D:7      | Learned a level 1 spell: Animate Skeleton
  6240 | D:2      | Bought the amulet "Ageus" {Acrobat -Cast Rampage rC- Str+8}
                  | for 398 gold pieces
  6285 | D:3      | Noticed Natasha
  6289 | D:3      | Killed Natasha
  6370 | D:6      | Bought a +1 kite shield of reflection for 202 gold pieces
  6395 | D:7      | Acquired the ring of Unokirawk {rPois rF+ Str+2 Int+5}
  6763 | D:8      | Reached skill level 10 in Armour
  6786 | D:8      | Reached XP level 11. HP: 47/104 MP: 11/11
  7069 | D:8      | Found a glowing silver altar of Zin.
  7647 | D:9      | Reached *** piety under Makhleb
  7709 | D:9      | Reached skill level 1 in Invocations
  8171 | D:10     | Entered Level 10 of the Dungeon
  9199 | D:11     | Reached skill level 5 in Invocations
  9226 | D:11     | Noticed a two-headed ogre
  9234 | D:11     | Killed a two-headed ogre
  9377 | D:11     | Found a staircase to the Lair.
  9387 | D:11     | Identified the +1 dagger "Hefodof" {vorpal, rPois Str-2
                  | Dex+6 Stlth+}
  9431 | D:11     | Found a staircase to the Orcish Mines.
  9493 | D:11     | Reached **** piety under Makhleb
  9509 | D:11     | Noticed a five-headed hydra
  9519 | D:11     | Killed a five-headed hydra
  9520 | D:11     | Reached XP level 12. HP: 72/115 MP: 15/15
  9751 | D:11     | Found the +3 salamander hide armour {Flames rF++ rC--}
  9767 | D:11     | Reached skill level 10 in Dodging
  9970 | Orc:1    | Entered Level 1 of the Orcish Mines
 10076 | D:11     | Reached skill level 11 in Armour
 10211 | Orc:1    | Noticed Maurice
 10227 | Orc:1    | Killed Maurice
 10317 | Orc:1    | Found Dustuank's Weapon Shoppe.
 10455 | Orc:2    | Entered Level 2 of the Orcish Mines
 10565 | Orc:2    | Found Jurymn's Self-Improvement Boutique.
 10806 | Orc:2    | Found a staircase to the Elven Halls.
 10949 | Orc:2    | Reached ***** piety under Makhleb
 11015 | Orc:2    | Paralysed by an orc sorcerer for 5 turns
 11045 | Orc:1    | Noticed Fannar
 11061 | Orc:1    | Killed Fannar
 11695 | Orc:2    | Found Suatymm's Assorted Antiques.
 11695 | Orc:2    | Found Fuim's General Store.
 11697 | Orc:2    | Found Guguk's Assorted Antiques.
 11699 | Orc:2    | Found Nupp's Weapon Boutique.
 11712 | Orc:2    | Bought a potion of curing for 81 gold pieces
 11712 | Orc:2    | Bought a potion of curing for 81 gold pieces
 11907 | Lair:1   | Entered Level 1 of the Lair of Beasts
 12146 | Lair:1   | Found a runed translucent gate.
 12147 | Lair:1   | Found a runed translucent gate.
 12150 | Lair:1   | Found a runed translucent gate.
 12154 | Lair:1   | Noticed a minotaur
 12154 | Lair:1   | Noticed PanSaczeczos's ghost (journeyman DgCj)
 12156 | Lair:1   | Noticed a boulder beetle
 12537 | Lair:2   | Noticed an eight-headed hydra
 12715 | Lair:2   | Reached skill level 10 in Polearms
 12841 | Lair:2   | Reached XP level 13. HP: 95/123 MP: 18/18
 12852 | Lair:2   | Found a staircase to the Shoals.
 13433 | Lair:3   | Reached skill level 12 in Armour
 13537 | Lair:3   | Found a staircase to the Snake Pit.
 14318 | Lair:4   | Reached ****** piety under Makhleb
 14403 | Lair:4   | You fall into a shaft and drop 2 floors!
 14403 | Lair:6   | Entered Level 6 of the Lair of Beasts
 15011 | Lair:4   | Noticed a fire dragon
 15025 | Lair:4   | Killed a fire dragon
 15336 | Lair:5   | Reached skill level 13 in Armour
 15435 | Lair:5   | Noticed Qaehos's ghost (journeyman MiBe)
 15436 | Lair:5   | Found a transporter.
 15439 | Lair:5   | Found a transporter.
 15502 | Lair:5   | Found the +4 skin of Zhor {*Englaciate rC+++ SInv}
 15857 | Lair:5   | Gained mutation: You resist negative energy. (rN+) [Deep
                  | Dwarf growth]
 15857 | Lair:5   | Reached XP level 14. HP: 130/130 MP: 20/20
 16111 | Lair:6   | Noticed Kirke
 16175 | Lair:5   | Killed Kirke
 16305 | Lair:6   | Reached skill level 10 in Invocations
 16481 | Lair:6   | Found a staircase to the Slime Pits.
 17029 | Lair:6   | Reached skill level 10 in Fighting
 17153 | Lair:6   | Found a large runed translucent door.
 17154 | Lair:6   | Found a large runed translucent door.
 17192 | Lair:6   | Reached skill level 14 in Armour
 17352 | Lair:6   | Got the Grimoire of the Rocks and Intoxication
 17525 | Lair:5   | Killed Qaehos's ghost
 17744 | Lair:1   | Killed PanSaczeczos's ghost
 18013 | D:12     | Noticed a green very ugly thing
 18034 | D:12     | Killed a green very ugly thing
 18051 | D:12     | Reached XP level 15. HP: 114/142 MP: 23/23
 18269 | D:12     | Noticed Rupert
 18346 | D:12     | Killed Rupert
 18407 | D:12     | Noticed Erolcha
 18432 | D:12     | Killed Erolcha
 19077 | D:13     | Found a gate to the Vaults.
 19919 | D:14     | Reached skill level 15 in Armour
 20715 | Shoals:1 | Entered Level 1 of the Shoals
 21050 | Snake:1  | Entered Level 1 of the Snake Pit
 21138 | Snake:1  | Lost mutation: You are partially covered in iridescent
                  | scales. (AC +2) [potion of mutation]
 21138 | Snake:1  | Lost mutation: You have sharp toenails. [potion of
                  | mutation]
 21138 | Snake:1  | Gained mutation: Your spells are a little harder to cast,
                  | but a little more powerful. [potion of mutation]
 21138 | Snake:1  | Gained mutation: You are frail. (-10% HP) [potion of
                  | mutation]
 21138 | Snake:1  | Gained mutation: You are partially covered in iridescent
                  | scales. (AC +2) [potion of mutation]
 21139 | Snake:1  | Lost mutation: You are frail. (-10% HP) [potion of
                  | mutation]
 21139 | Snake:1  | Lost mutation: Your spells are a little harder to cast, but
                  | a little more powerful. [potion of mutation]
 21139 | Snake:1  | Lost mutation: You are partially covered in iridescent
                  | scales. (AC +2) [potion of mutation]
 21139 | Snake:1  | Gained mutation: You are partially covered in large bone
                  | plates. (SH +4) [potion of mutation]
 21139 | Snake:1  | Gained mutation: You are robust. (+10% HP) [potion of
                  | mutation]
 21150 | Snake:1  | Found a transporter.
 21189 | Snake:1  | Found a transporter.
 21204 | Snake:1  | Found a one-way gate to the infinite horrors of the Abyss.
 21204 | Snake:1  | Noticed a profane servitor
 21204 | Snake:1  | Noticed shugdite's ghost (journeyman MiFi)
 21348 | Snake:1  | Reached skill level 15 in Dodging
 21584 | Snake:1  | Reached XP level 16. HP: 154/172 MP: 24/24
 21741 | Snake:1  | Found Wetiwiec's Book Shoppe.
 21762 | Snake:1  | Bought a manual of Armour for 960 gold pieces
 22243 | Snake:2  | Reached skill level 16 in Armour
 22305 | Snake:2  | Identified Roxanne's Grimoire of Earth
 22305 | Snake:2  | Noticed Roxanne
 22890 | Snake:2  | Killed Roxanne
 23245 | Snake:3  | Noticed Louise
 23301 | Snake:3  | Killed Louise
 23449 | Snake:3  | Reached skill level 17 in Armour
 23646 | Snake:3  | Reached skill level 15 in Fighting
 24141 | Snake:4  | Entered Level 4 of the Snake Pit
 24185 | Snake:4  | Found Qoapnofo's Neck Hole.
 24466 | Snake:4  | Reached XP level 17. HP: 178/187 MP: 25/25
 24481 | Snake:4  | Identified the +12 quarterstaff of Triumph {vorpal, rN++
                  | Stlth+}
 24660 | Snake:3  | Reached skill level 18 in Armour
 25531 | Snake:4  | Got a serpentine rune of Zot
 25851 | Snake:1  | Killed a profane servitor
 25853 | Snake:1  | Gained mutation: Armour fits poorly on your strangely
                  | shaped body. [a cacodemon]
 25869 | Snake:1  | Gained mutation: Your spells are a little easier to cast,
                  | but a little less powerful. [a cacodemon]
 25871 | Snake:1  | Killed shugdite's ghost
 25872 | Snake:1  | Gained mutation: Your mind is acute. (Int +2) [a cacodemon]
 25924 | Snake:1  | Identified the +8 short sword "Dyoschiv" {vorpal, rPois
                  | rN+}
 25947 | Snake:1  | Identified the +0 cloak "Jof Viev" {rF+++ rCorr Int-5
                  | Stlth+}
 26287 | Slime:1  | Entered Level 1 of the Pits of Slime
 26297 | Slime:1  | Noticed an acid blob
 26661 | D:15     | Entered Level 15 of the Dungeon
 26907 | D:15     | Reached skill level 19 in Armour
 27054 | D:15     | Found a staircase to the Depths.
 27429 | D:15     | Found an iron altar of Okawaru.
 27531 | D:15     | Noticed Nessos
 27539 | D:15     | Killed Nessos
 27683 | Depths:1 | Entered Level 1 of the Depths
 27725 | Depths:1 | Found a gateway to Hell.
 27745 | Depths:1 | Found Ylisuel's Pet Rocks.
 27900 | Depths:1 | Found Gut Guet's Distillery.
 27905 | Depths:1 | Found Ajaulous's Magic Scroll Shoppe.
 27908 | Depths:1 | Bought a potion of experience for 1050 gold pieces
 27908 | Depths:1 | Bought a potion of heal wounds for 105 gold pieces
 27908 | Depths:1 | Gained mutation: You passively map a large area around you.
                  | [Deep Dwarf growth]
 27908 | Depths:1 | Reached XP level 18. HP: 194/202 MP: 26/26
 27913 | Depths:1 | Bought a scroll of teleportation for 36 gold pieces
 27913 | Depths:1 | Bought a scroll of enchant armour for 90 gold pieces
 27918 | Depths:1 | Found a radiant altar of Vehumet.
 28092 | Depths:1 | Found a one-way gateway to a ziggurat.
 28281 | Depths:1 | Noticed the Enchantress
 28322 | Depths:1 | Identified the +0 leather armour of the Ghostly Turtledove
                  | {Rampage rF- rN+ Stlth+}
 28484 | Depths:1 | Reached skill level 20 in Armour
 28846 | Depths:2 | Found a snail-covered altar of Cheibriados.
 29162 | Depths:2 | Reached XP level 19. HP: 87/212 MP: 27/27
 29262 | Depths:2 | Found a one-way gate leading to the halls of Pandemonium.
 29936 | Depths:2 | Noticed a caustic shrike
 29936 | Depths:2 | Noticed a caustic shrike
 29937 | Depths:2 | Noticed a caustic shrike
 29964 | Depths:2 | Killed a caustic shrike
 30037 | Depths:2 | Killed a caustic shrike
 30071 | Depths:2 | Paralysed by a floating eye for 3 turns
 30080 | Depths:2 | Paralysed by a floating eye for 3 turns
 30093 | Depths:2 | Paralysed by a floating eye for 2 turns
 30100 | Depths:2 | Paralysed by a floating eye for 4 turns
 30115 | Depths:2 | Killed a caustic shrike
 30203 | Depths:2 | Paralysed by a floating eye for 2 turns
 30857 | Depths:3 | Noticed a caustic shrike
 30872 | Depths:3 | Killed a caustic shrike
 30895 | Depths:3 | Noticed a juggernaut
 30904 | Depths:3 | Paralysed by a floating eye for 4 turns
 30906 | Depths:3 | HP: 8/215 [vampire knight/+3 long sword (17)]
 30907 | Depths:3 | Annihilated by a juggernaut

Illustrated notes

Levels and vault maps discovered:
D:1:      dpeg_arrival_shrine, layout_basic,
          shapermc_ecumenical_altar_mp_urbaneastern
D:2:      minmay_razor_zed, layout_basic, serial_shops, shop,
          kennysheep_small_spiral
D:3:      layout_rooms, nicolae_ashenzari_skybound, minivault_23,
          grunt_decor_junction, uniq_natasha, uniq_grinder,
          uniq_crazy_yiuf_cottage
D:4:      layout_loops_cross, kennysheep_generic_room_6, uniq_ijyb, uniq_edmund,
          uniq_robin
D:5:      layout_loops_ring, tgw_trog, minmay_temple_entry_mist,
          gup_sewer_entry_spiral, cheibrodos_gnoll_hut, uniq_duvessa
D:6:      layout_gridville, enter_ossuary_2, small_statue_intersection,
          hangedman_abyss_or_decor_slice, nicolae_take_the_stairs
D:7:      layout_cave_pools, nzn_hepliaklqana_mist_gate, enter_bailey_3,
          uniq_pikel
D:8:      layout_basic, lemuel_coloured_pillars_altar
D:9:      layout_rooms, roderic_roman_lattice
D:10:     layout_irregular_city, roderic_serpentine_path
D:11:     layout_loops_corners, david_lair_shrubbed, orc_0_dummy
D:12:     minmay_chambers_of_sevens, layout_cave_pools,
          beargit_elvish_explorers, uniq_erolcha, uniq_rupert
D:13:     layout_loops_ring, david_vaults_5, special_room [special_room_orc]
D:14:     layout_irregular_city, amethyst_killhole, kennysheep_small_circle
D:15:     gammafunk_enter_depths_forms, layout_long_grid,
          kennysheep_flooded_box, okawaru_altar_gauntlet_db, uniq_nessos
Temple:   dpeg_five_rooms_temple
Lair:1:   layout_hall_layers, maelrawn_ghost_gauntlet_escape, lemuel_fruit_tree
Lair:2:   layout_long_grid, elwin_shoals_entry_rocks
Lair:3:   layout_gridlike, minmay_snake_entry_six_corridors, fungi_pond_lemuel
Lair:4:   layout_long_grid, bobbens_dragon_lair_wall, grunt_megastairs_4,
          lemuel_fruit_fields
Lair:5:   layout_gridlike, gammafunk_ghost_hive, hellmonk_guarded_unrand_zhor,
          grunt_megastairs_1
Lair:6:   cheibrodos_lair_end_hotspot, layout_loops_ring,
          minmay_slime_entry_pillars, guppyfry_lair_drakes, uniq_kirke
Shoals:1: layout_shoals, nicolae_shoals_hidden_pirate_stash
Snake:1:  layout_onion_interference, gammafunk_ghost_abyssal_escape,
          serial_shops, shop_statue, nicolae_snake_springs
Snake:2:  layout_grid_maze, uniq_roxanne
Snake:3:  layout_onion_interference, uniq_louise
Snake:4:  snake_pit, layout_grid_shapes, nicolae_snake_gridmaze_big_u,
          nicolae_shop_sticking_my_neck_out
Slime:1:  layout_caves
Orc:1:    layout_caves, serial_shops, nicolae_shop_crystal, uniq_fannar,
          uniq_maurice
Orc:2:    st_orc_rangers, layout_diamond_mine, nicolae_shop_self_help
Depths:1: layout_honeycomb, enter_ziggurat_f, hell_entry, lemuel_crystal_altar,
          guppyfry_shop_earth, minmay_shop_star, firewood_loft,
          serial_bayou_shore_b, uniq_enchantress
Depths:2: grunt_deathspiral_large, layout_cave_shapes, hell_entry,
          lemuel_statue_altar, minmay_room_of_horrors, pan_entry,
          chequers_decorated_corner, minmay_fractal_squares_diagonal_5
Depths:3: minmay_the_grid_3x2 [minmay_the_grid_eight, minmay_the_grid_garden,
          minmay_the_grid_medium_cups, minmay_the_grid_minigrid_small,
          minmay_the_grid_expand, minmay_the_grid_prize_big_room],
          layout_cave_shapes, kennysheep_big_empty_room, rand_demon_pan_entry_4,
          hell_entry, nicolae_abyss_entry_one_way_or_another, elyvilon_altar_5,
          serial_bayou_shore_b

Skill      XL: |  1  2  3  4  5  6  7  8  9 10 11 12 13 14 15 16 17 18 19 |
---------------+----------------------------------------------------------+-----
Fighting       | 3 4 5 6 8 9 11 13 15 17 18 | 18.4
Axes           | 3 4 |  4.7
Armour         | 4 5 6 7 9 10 11 13 14 15 17 19 20 | 20.9
Shields        | 4 5 6 7 |  7.2
Polearms       | 1 3 6 8 10 11 | 11.8
Dodging        | 1 8 9 11 12 13 15 16 17 18 | 18.6
Invocations    | 5 7 8 11 | 11.1

Action                   |  1- 3 |  4- 6 |  7- 9 | 10-12 | 13-15 | 16-18 | 19-21 || total
-------------------------+-------+-------+-------+-------+-------+-------+-------++-------
Melee: War axe           |    76 |   111 |    28 |       |       |       |       ||   215
       Lance             |       |       |   315 |   862 |  1835 |  1642 |   556 ||  5210
       Unarmed           |       |       |       |       |     5 |       |       ||     5
Throw: Javelin           |     5 |    21 |    34 |     1 |       |       |       ||    61
       Throwing net      |       |       |     2 |       |       |     1 |       ||     3
Invok: Lesser Servant of |       |       |       |     2 |     4 |     4 |     3 ||    13
       Greater Servant o |       |       |       |       |       |       |     1 ||     1
 Abil: Heal Wounds       |     2 |     2 |     3 |       |     1 |     3 |     6 ||    17
Evoke: Wand              |       |     3 |    15 |    25 |    29 |    32 |     7 ||   111
       Lightning rod     |       |       |       |       |       |     8 |       ||     8
  Use: Scroll            |     2 |     4 |    19 |    11 |     7 |     8 |     6 ||    57
       Potion            |     1 |     1 |     5 |     3 |    12 |     6 |     4 ||    32
 Stab: Distracted        |       |       |       |       |     1 |     1 |     1 ||     3
       Paralysed         |       |       |       |       |       |     4 |       ||     4
Armor: Scale mail        |    31 |    34 |   103 |       |       |       |       ||   168
       Crystal plate arm |       |       |    88 |   360 |   623 |   429 |   174 ||  1674
Dodge: Dodged            |    46 |    37 |    99 |   270 |   653 |   522 |   169 ||  1796
Block: Buckler           |    19 |    26 |    98 |    15 |       |       |       ||   158
       Kite shield       |       |       |       |   383 |   880 |   949 |   316 ||  2528
       Reflection        |       |       |       |    39 |    39 |   121 |     8 ||   207
